 Dungeon Crawl Stone Soup version 0.25-a0-577-ga4619f409e (webtiles) character file.

Game seed: 18310606248095114710, levelgen mode: deterministic

40 An17 the Sneak (level 3, -1/19 HPs)
             Began as a Vampire Enchanter on Mar 2, 2020.
             Slain by a phantom (6 damage)
             ... on level 2 of the Dungeon.
             The game lasted 00:04:27 (1342 turns).

An17 the Sneak (Vampire Enchanter)                  Turns: 1342, Time: 00:04:27

Health: -1/19      AC:  5    Str:  7    XL:     3   Next: 30%
Magic:  0/6        EV: 12    Int: 18    God:
Gold:   111        SH:  0    Dex: 14    Spells: 1/6 levels left

rFire    . . .     SeeInvis +   a - +2 dagger
rCold    + + .     Gourm    .   (no shield)
rNeg     + + +     Faith    .   e - +1 leather armour
rPois    ∞         Spirit   .   (no helmet)
rElec    .         Reflect  .   (no cloak)
rCorr    .         Harm     .   f - +0 pair of gloves
MR       .....                  (no boots)
Stlth    +++++.....             (no amulet)
HPRegen  0.00/turn              (no ring)
MPRegen  0.10/turn              (no ring)

@: very slightly contaminated, bloodless
A: no food, fangs 3, see invisible, unbreathing
a: Bat Form, Revivify


You were on level 2 of the Dungeon.
You were bloodless.

You visited 1 branch of the dungeon, and saw 2 of its levels.

You collected 111 gold pieces.

Inventory:

Hand Weapons
 a - a +2 dagger (weapon)
Armour
 e - a +1 leather armour (worn)
 f - a +0 pair of gloves (worn)
Scrolls
 c - a scroll of identify
Potions
 b - a potion of heal wounds
 d - a potion of curing {unknown}


   Skills:
 + Level 1.2 Short Blades
 + Level 0.6 Armour
 + Level 2.3 Dodging
 + Level 5.3 Stealth
 + Level 2.1 Spellcasting
 + Level 5.1 Hexes


You had one spell level left.
You knew the following spells:

 Your Spells              Type           Power        Failure   Level  Hunger
b - Ensorcelled Hibernat  Hex/Ice        ##....       14%         2    N/A
c - Tukima's Dance        Hex            ###.....     10%         3    N/A

Your spell library contained the following spells:

 Spells                   Type           Power        Failure   Level  Hunger
 Corona                   Hex            ###....      3%          1    N/A
 Confusing Touch          Hex            ###.....     10%         3    N/A
 Dazzling Flash           Conj/Hex       ##....       26%         3    N/A

Dungeon Overview and Level Annotations

Branches:
Dungeon (2/15)

Altars:


Innate Abilities, Weirdness & Mutations

You do not eat.
You do not regenerate when monsters are visible.
You are frail without blood (-20% HP).
You can heal yourself when you bite living creatures.
You are immune to poison.
You have razor-sharp teeth.
You have supernaturally acute eyesight. (SInv)
You can survive without breathing.


Message History

Confirm with . or Enter, or press ? or * to list all spells.
Aiming: Ensorcelled Hibernation (safe; 14% risk of failure)
Press: ? - help, Shift-Dir - straight line, f/p - kobold
Aim: a kobold, wielding a +0 dagger (chance to defeat MR: 60%)
The kobold resists with significant effort.
The phantom closely misses you. The kobold barely misses you.
Casting: Ensorcelled Hibernation (safe; 14% risk of failure)
Confirm with . or Enter, or press ? or * to list all spells.
Aiming: Ensorcelled Hibernation (safe; 14% risk of failure)
Press: ? - help, Shift-Dir - straight line, f/p - kobold
Aim: a kobold, wielding a +0 dagger (chance to defeat MR: 60%)
You miscast Ensorcelled Hibernation.
You are very lightly contaminated with residual magic.
Frost spreads across the the floor.
The kobold barely misses you. The phantom hits you.
* * * LOW HITPOINT WARNING * * *
You hit the kobold.
The kobold is moderately wounded.
The kobold closely misses you. The phantom hits you.
You die...

#.# #.# #.#
#.##.## #.#
#.###.# #......
#.#####.#...#
#)##.##
#.##.........###
#.# #
#............#####
#.##.#
#######..........#
#....#
#.###..###.#
#.#### #.#
#.K###.###.##.#
#.#
#.@...#....##.#
#.#
##W###.######.#
#.# #....)..†....#
#.#
#.....######.#####
#.## #)##..#
#).....
#.#.###.##..#
#######
..###W...##..# ###
#%######..# #..
...#


You could see a phantom and a kobold.

Vanquished Creatures
  An adder (D:2)
  A worm (D:2)
  2 dart slugs (D:1)
  3 bats
  3 giant cockroaches (D:2)
  4 hobgoblins
  A jackal (D:1)
  4 kobolds
  A quokka (D:2)
  A frilled lizard (D:2)
  3 goblins
24 creatures vanquished.

Notes
Turn   | Place    | Note
-------+----------+-------------------------------------------
     0 | D:1      | An17 the Vampire Enchanter began the quest for the Orb.
     0 | D:1      | Reached XP level 1. HP: 13/13 MP: 3/3
   203 | D:1      | Reached skill level 5 in Hexes
   203 | D:1      | Reached XP level 2. HP: 19/19 MP: 5/5
   210 | D:1      | Learned a level 2 spell: Ensorcelled Hibernation
   566 | D:1      | Reached skill level 5 in Stealth
  1200 | D:2      | Reached XP level 3. HP: 19/19 MP: 6/6
  1226 | D:2      | Learned a level 3 spell: Tukima's Dance
  1252 | D:2      | Noticed a phantom
  1342 | D:2      | Slain by a phantom

Levels and vault maps discovered:
D:1:      kilobyte_arrival_exit_the_forest, layout_basic, minmay_fountain_box,
          minmay_misc_feat_ornament, st_stairs_9, due_unseen_surprise
D:2:      layout_loops_ring, nicolae_ru_the_path_less_chosen,
          kennysheep_generic_room_9

Skill      XL: |  1  2 |
---------------+-------+-----
Hexes          | 5 |  5.1
Stealth        | 5 |  5.3
Short Blades   | |  1.2
Armour         | |  0.6
Dodging        | |  2.3
Spellcasting   | |  2.1

Action                   || total
-------------------------++-------
Melee: Dagger            ||    88
       Bite              ||     6
 Cast: Ensorcelled Hiber ||    10
 Abil: Exsanguinate      ||     1
  Use: Scroll            ||     8
       Potion            ||     2
 Stab: Sleeping          ||     8
       Distracted        ||     1
Armor: Leather armour    ||    34
       Robe              ||     1
Dodge: Dodged            ||    66

Table legend:
 A = Non-vault XP
 B = Vault XP
 C = Vault XP percentage of total XP
 D = Non-vault monster count
 E = Vault monster count
 F = Vault count percentage of total count
                 A         B        C        D         E       F
            +---------+---------+-------+---------+---------+-------
      Total |      52 |       6 |  10.3 |      22 |       2 |   8.3
            +---------+---------+-------+---------+---------+-------
        D:1 |      15 |       6 |  28.6 |       8 |       2 |  20.0
        D:2 |      37 |       0 |   0.0 |      14 |       0 |   0.0
            +---------+---------+-------+---------+---------+-------
